 Dungeon Crawl Stone Soup version 0.31.0 (webtiles) character file.

Game seed: 17152555553557197562

2494 Faeranduil the Toxicologist (level 9, 0/51 HPs)
             Began as an Octopode Alchemist on Jan 19, 2024.
             Was a Follower of Vehumet.
             Slain by a vampire (13 damage)
             ... on level 7 of the Dungeon.
             The game lasted 00:32:43 (9529 turns).

Faeranduil the Toxicologist (Octopode Alchemist)    Turns: 9529, Time: 00:32:44

Health: 0/51       AC:  1    Str:  8    XL:     9   Next: 52%
Magic:  11/17      EV: 13    Int: 21    God:    Vehumet [*.....]
Gold:   343        SH:  0    Dex: 12    Spells: 8/19 levels left

rFire   . . .        i - +1 war axe (venom)
rCold   . . .        (no shield)
rNeg    . . .        (helmet restricted)
rPois   .            (no amulet)
rElec   .            (no ring)
rCorr   .            (no ring)
SInv    .            (no ring)
Will    .....        (no ring)
Stlth   ++++         (no ring)
HPRegen 0.28/turn    (no ring)
MPRegen 0.15/turn    (no ring)
                     (no ring)

%: no passive effects
@: no status effects
A: almost no armour, amphibious, 8 rings, camouflage 1, gelatinous body 1,
(nimble swimmer 1), tentacles
a: Renounce Religion


You were on level 7 of the Dungeon.
You worshipped Vehumet.
Vehumet was aware of your devotion.
You visited 2 branches of the dungeon, and saw 8 of its levels.
You also visited: Sewer.

You collected 343 gold pieces.

Inventory:

Hand Weapons
 i - a +1 war axe of venom (weapon)
 y - a +1 dagger of venom
Missiles
 c - 2 atropa-tipped darts
Magical Staves
 d - a staff of cold
Talismans
 e - a storm talisman
 z - a blade talisman
Wands
 j - a wand of mindburst (18)
 n - a wand of flame (9)
 t - a wand of iceblast (12)
Scrolls
 b - 2 scrolls of butterflies
 f - 4 scrolls of enchant armour
 g - 2 scrolls of teleportation
 k - 2 scrolls of fear
 l - a scroll of fog
 o - 2 scrolls of immolation
 p - a scroll of poison
Potions
 a - 2 potions of magic
 h - a potion of invisibility
 m - a potion of curing
 q - 2 potions of mutation
 r - a potion of cancellation {unknown}
 s - 2 potions of attraction {unknown}
 u - a potion of enlightenment {unknown}
 v - a potion of degeneration {unknown}
 w - a potion of berserk rage {unknown}
 x - a potion of ambrosia {unknown}


   Skills:
 - Level 2.0 Dodging
 + Level 5.4 Stealth
 + Level 5.5 Spellcasting
 * Level 5.7 Conjurations
 + Level 2.9 Fire Magic
 + Level 5.0 Earth Magic
 - Level 8.0 Alchemy


You had 8 spell levels left.
You knew the following spells:

 Your Spells              Type           Power      Damage    Failure   Level
a - Sting                 Conj/Alch      100%       1d9       1%          1
b - Stone Arrow           Conj/Erth      56%        3d10      3%          3
c - Foxfire               Conj/Fire      92%        2x1d8     1%          1
f - Mercury Vapours       Alch/Air       44%        N/A       3%          2
g - Olgreb's Toxic Radia  Alch           39%        N/A       3%          4

Your spell library contained the following spells:

 Spells                   Type           Power      Damage    Failure   Level
 Sandblast                Erth           54%        2d13      1%          1
 Passwall                 Erth           27%        N/A       3%          3
 Mephitic Cloud           Conj/Alch/Air  25%        N/A       4%          3
 Cigotuvi's Dreadful Rot  Necr/Alch/Air  34%        N/A       5%          2
 Brom's Barrelling Bould  Conj/Erth      28%        2d5       11%         4
 Sticky Flame             Fire/Alch      28%        2d7       11%         4
 Eringya's Noxious Bog    Alch           19%        4d6       52%         6
 Arcjolt                  Conj/Air       8%         1d18      65%         5
 Dispel Undead            Necr           5%         3d7       71%         4
 Martyr's Knell           Necr/Summ      5%         N/A       71%         4
 Vhi's Electric Charge    Tloc/Air       10%        N/A       71%         4
 Summon Forest            Summ/Tloc      2%         N/A       96%         5
 Death Channel            Necr           2%         N/A       100%        6
 Plasma Beam              Fire/Air       5%         2x1d16    100%        6
 Summon Hydra             Summ           2%         N/A       100%        7


Dungeon Overview and Level Annotations

Branches:
Dungeon (7/15)             Temple (1/1) D:4           Sewer (visited)

Altars:
Ashenzari
Cheibriados
Dithmenos
Elyvilon
Fedhas
Gozag
Hepliaklqana
Kikubaaqudgha
Makhleb
Nemelex Xobeh
Okawaru
Qazlal
Ru
Sif Muna
Trog
Vehumet
Wu Jian
Xom
Yredelemnul
Zin
The Shining One

Annotations:
D:2 1 runed translucent door, Crazy Yiuf
D:3 1 runed translucent door, Arctor's ghost, amateur GnHs; Sigmund
D:6 can't reach


Innate Abilities, Weirdness & Mutations

You cannot wear most types of armour.
You are amphibious.
You can wear up to eight rings at the same time.
Your skin changes colour to match your surroundings (Stealth+).
Your rubbery body absorbs attacks. (AC +1, EV +1)
((You are camouflaged when in or above water. (Stealth+)))
You have tentacles for arms and can constrict up to eight enemies at once.


Message History

The foxfire hits the vampire but does no damage.
The foxfire hits the vampire.
The vampire is lightly damaged.
Casting: Foxfire (safe; 1% risk of failure)
Confirm with . or Enter, or press ? or * to list all spells.
You conjure some foxfire!
The foxfire hits the vampire but does no damage.
The vampire is lightly damaged.
The foxfire hits the vampire but does no damage.
The vampire is lightly damaged.
Casting: Foxfire (safe; 1% risk of failure)
Confirm with . or Enter, or press ? or * to list all spells.
You conjure some foxfire!
The foxfire hits the vampire.
The vampire is lightly damaged.
The foxfire hits the vampire but does no damage.
The vampire is lightly damaged.
The vampire closely misses you. The vampire bites you!
The vampire draws strength from your injuries!
Casting: Foxfire (safe; 1% risk of failure)
Confirm with . or Enter, or press ? or * to list all spells.
You conjure some foxfire!
The vampire gestures wildly while chanting.
The vampire flickers and vanishes!
Deactivating autopickup; reactivate with Ctrl-A.
Casting: Foxfire (safe; 1% risk of failure)
Confirm with . or Enter, or press ? or * to list all spells.
You conjure some foxfire!
The foxfire hits something but does no damage.
The foxfire hits something.
The foxfire hits something but does no damage.
Something hits you. Something bites you!
Something draws strength from your injuries!
Casting: Foxfire (safe; 1% risk of failure)
Confirm with . or Enter, or press ? or * to list all spells.
You conjure some foxfire!
The foxfire hits something.
The foxfire hits something but does no damage. x2
Something hits you!
* * * LOW HITPOINT WARNING * * *
Something bites you!
You die...

#...#... #♣.♣#...
#...#... ###
#8.♣###. #..
#...#... ##.#
#8.♣###. #..#####
#...# #. #v§§...#
#..## #.
#v@....#####.#####.
#§.{...............
#.##.############..
#. #..# #..
#....))....#
#####..
#..........#
#......
#....).....#
#...)..
#..........#
#._....
#..........#
#......


There were no monsters in sight!

Vanquished Creatures
  A steam dragon (D:7)
  A water moccasin (D:6)
  An ice beast (D:7)
  A sky beast (D:7)
  A black bear (D:7)
  Pargi (Sewer)
  2 centaurs
  A phantom (D:4)
  2 bullfrogs (D:7)
  A gnoll sergeant (D:7)
  3 scorpions
  6 killer bees (D:7)
  3 howler monkeys
  2 bombardier beetles
  5 orc priests
  2 gnoll boudas (D:7)
  5 iguanas
  A sleepcap (D:7)
  Terence (D:3)
  2 orc wizards
  Robin (D:2)
  19 adders
  7 gnolls (D:7)
  A river rat (D:4)
  3 white imps
  2 ufetubi (D:5)
  3 ribbon worms
  22 orcs
  2 ball pythons (D:2)
  5 bats
  4 endoplasms (D:1)
  15 goblins
  10 hobgoblins
  6 jackals
  4 quokkas
  2 frilled lizards
  7 kobolds
  7 rats
162 creatures vanquished.

Vanquished Creatures (others)
  24 foxfires (D:7)
24 creatures vanquished.

Grand Total: 186 creatures vanquished

Notes
Turn   | Place    | Note
-------+----------+-------------------------------------------
     0 | D:1      | Faeranduil the Octopode Alchemist began the quest for the
                  | Orb.
     0 | D:1      | Reached XP level 1. HP: 11/11 MP: 3/3
    66 | D:1      | You fall into a shaft and drop 1 floor!
    81 | D:2      | Reached XP level 2. HP: 17/17 MP: 0/5
   139 | D:2      | Reached skill level 4 in Alchemy
   314 | D:2      | Reached XP level 3. HP: 14/21 MP: 2/6
  1805 | D:2      | Reached XP level 4. HP: 23/27 MP: 3/7
  1875 | D:2      | Reached skill level 5 in Alchemy
  2004 | D:2      | Noticed Robin
  2038 | D:2      | HP: 1/27 [goblin/+0 club[Robin] (4)]
  2359 | D:2      | Reached skill level 1 in Earth Magic
  2419 | D:2      | Reached XP level 5. HP: 31/31 MP: 5/9
  2426 | D:2      | Killed Robin
  2520 | D:2      | Found a runed translucent door.
  2521 | D:2      | Noticed Crazy Yiuf
  2871 | D:3      | Noticed Terence
  3017 | D:3      | Killed Terence
  3445 | D:3      | Found a runed translucent door.
  3445 | D:3      | Noticed Arctor's ghost (amateur GnHs)
  3634 | D:3      | Noticed Sigmund
  4100 | D:4      | Found a glowing drain.
  4106 | Sewer    | Entered a sewer
  4143 | Sewer    | Learned a level 2 spell: Mercury Vapours
  4165 | Sewer    | Reached XP level 6. HP: 25/36 MP: 6/10
  4166 | Sewer    | Reached skill level 6 in Alchemy
  4244 | Sewer    | Noticed Pargi
  4256 | Sewer    | Learned a level 4 spell: Olgreb's Toxic Radiance
  4260 | Sewer    | Learned a level 3 spell: Stone Arrow
  4279 | Sewer    | Killed Pargi
  4753 | D:4      | Found a staircase to the Ecumenical Temple.
  4779 | Temple   | Entered the Ecumenical Temple
  4813 | Temple   | Became a worshipper of Vehumet
  4980 | D:4      | Reached XP level 7. HP: 35/41 MP: 8/12
  4986 | D:4      | Reached skill level 7 in Alchemy
  4992 | D:4      | HP: 2/41 [poisoned by a scorpion]
  5496 | D:5      | Entered Level 5 of the Dungeon
  6167 | D:4      | Reached XP level 8. HP: 41/46 MP: 14/14
  6672 | D:6      | Reached skill level 8 in Alchemy
  6879 | D:6      | Reached * piety under Vehumet
  6879 | D:6      | Offered knowledge of Foxfire by Vehumet.
  6882 | D:6      | Learned a level 1 spell: Foxfire
  7518 | D:6      | Identified the +1 ring mail "Hocriuge" {Int+2 Stlth+}
  7635 | D:7      | Reached skill level 1 in Fire Magic
  8022 | D:7      | Reached skill level 5 in Spellcasting
  8022 | D:7      | Reached XP level 9. HP: 51/51 MP: 12/16
  8415 | D:6      | Reached skill level 5 in Conjurations
  8750 | D:7      | Found a basalt altar of Yredelemnul.
  8754 | D:7      | Reached skill level 5 in Stealth
  9210 | D:7      | Reached skill level 5 in Earth Magic
  9529 | D:7      | Slain by a vampire

Illustrated notes

Levels and vault maps discovered:
D:1:      dpeg_arrival_another_circle, layout_basic,
          corexii_hall_statues_deadend
D:2:      layout_loops_ring, minmay_misc_feat_five, uniq_robin,
          uniq_crazy_yiuf_cottage
D:3:      layout_basic, hellmonk_ghost_happy_afterlife, uniq_terence,
          uniq_sigmund
D:4:      layout_basic, minmay_temple_entry_nine_rooms, gup_sewer_entry_bubbles
D:5:      layout_rooms
D:6:      layout_basic, amcnicky_mini_rare_corridor_liquid, item_on_display_a
D:7:      layout_rooms, overflow_temple_1_default, chequers_avenue,
          minmay_starry_boxes
Temple:   mainiacjoe_temple_cubbyholes

Skill      XL: |  1  2  3  4  5  6  7  8  9 |
---------------+----------------------------+-----
Alchemy        | 4 5 6 7 8 |  8.0
Earth Magic    | 1 2 3 4 5 |  5.0
Spellcasting   | 3 4 5 |  5.5
Conjurations   | 2 4 5 |  5.7
Stealth        | 4 5 |  5.4
Fire Magic     | 1 2 |  2.9
Dodging        | |  2.0

Action                     |  1- 3 |  4- 6 |  7- 9 || total
---------------------------+-------+-------+-------++-------
  Melee: Unarmed           |    13 |       |       ||    13
         Constrict         |     4 |    14 |     9 ||    27
         Tentacles         |     3 |    17 |    11 ||    31
         War axe           |     3 |    59 |    45 ||   107
         Punch             |       |       |     3 ||     3
   Cast: Sting             |    61 |    84 |    50 ||   195
         Stone Arrow       |       |     2 |    19 ||    21
         Olgreb's Toxic Ra |       |     2 |    35 ||    37
         Mercury Vapours   |       |       |     3 ||     3
         Foxfire           |       |       |    14 ||    14
    Use: Potion            |       |     3 |     4 ||     7
         Scroll            |       |     8 |     3 ||    11
   Stab: Sleeping          |       |     1 |       ||     1
 Armour: Skin              |    16 |    53 |    75 ||   144
  Dodge: Dodged            |    26 |    91 |    72 ||   189
